 Dungeon Crawl Stone Soup version 0.22.0-27-ga576289 (webtiles) character file.

26 Monsterracer the Skirmisher (level 3, 0/23 HPs)
             Began as a Gargoyle Abyssal Knight on Aug 21, 2018.
             Was a Follower of Lugonu.
             Slain by a gnoll
             ... wielding a +0 spear
              (2 damage)
             ... on level 2 of the Dungeon.
             The game lasted 00:00:47 (1178 turns).

Monsterracer the Skirmisher (GrAK)                  Turns: 1178, Time: 00:00:48

Health: 0/23       AC:  6    Str: 16    XL:     3   Next: 8%
Magic:  4/4        EV: 11    Int: 12    God:    Lugonu [*.....]
Gold:   41         SH:  0    Dex:  9    Spells: 2/2 levels left

rFire    . . .     SeeInvis .   a - +1 hand axe
rCold    . . .     Gourm    .   (no shield)
rNeg     + . .     Faith    .   b - +0 leather armour
rPois    ∞         Spirit   .   (no helmet)
rElec    +         Reflect  .   (no cloak)
rCorr    .         Harm     .   (no gloves)
MR       .....                  (no boots)
Stlth    +.........             (no amulet)
HPRegen  0.07/turn              (no ring)
MPRegen  0.09/turn              (no ring)

@: no status effects
A: negative energy resistance 1, electricity resistance, unbreathing,
petrification resistance, rot immunity, AC +3
a: Depart the Abyss, Renounce Religion


You were on level 2 of the Dungeon.
You worshipped Lugonu.
Lugonu was aware of your devotion.
You were not hungry.

You visited 1 branch of the dungeon, and saw 2 of its levels.
You visited the Abyss 1 time.

You collected 41 gold pieces.

Inventory:

Hand Weapons
 a - a +1 hand axe (weapon)
Armour
 b - a +0 leather armour (worn)
Scrolls
 e - 4 scrolls of teleportation {unknown}
 f - a scroll of enchant weapon {unknown}
 g - a scroll of enchant armour {unknown}
 h - a scroll of remove curse {unknown}
 i - a scroll of fear {unknown}
 k - a scroll of identify {unknown}
Potions
 d - a potion of haste {unknown}
 j - a potion of flight {unknown}
 l - a potion of mutation {unknown}
Comestibles
 c - 2 rations


   Skills:
 - Level 3.2 Fighting
 + Level 3.1 Axes
 - Level 2.1 Armour
 - Level 0.7 Dodging
 - Level 2.0 Invocations


You had 2 spell levels left.
You didn't know any spells.
Your spell library was empty.

Dungeon Overview and Level Annotations

Branches:
Dungeon (2/15)

Altars:


Innate Abilities, Weirdness & Mutations

You are resistant to torment.
Your stone body is resilient. (AC +3)
You are immune to poison.
You resist negative energy. (rN+)
You are resistant to electric shocks. (rElec)
You can survive without breathing.
You are immune to petrification.
You are immune to rotting.


Message History

A rat comes into view.
A rat is nearby!
The rat twitches its whiskers.
A rat is nearby!
A gnoll comes into view. It is wielding a spear.
The gnoll shouts!
The rat bites you but does no damage.
The gnoll moves out of view.
A gnoll comes into view. It is wielding a spear.
There are monsters nearby!
You hit the rat.
You kill the rat!
Lugonu accepts your kill.
Found a stone staircase leading up.
You see here a rat corpse.
There are monsters nearby!
There are monsters nearby!
The gnoll hits you but does no damage. The gnoll hits you with a spear.
You take 4 damage, and have 15/19 hp.
MASSIVE DAMAGE!!
You hit the gnoll.
The gnoll is lightly wounded.
The gnoll closely misses you.
The gnoll hits you from afar with a spear.
You take 2 damage, and have 13/19 hp.
The gnoll hits you but does no damage.
A gnoll comes into view. It is wielding a spear.
A rat comes into view.
There is a stone staircase leading up here.
The gnoll shouts!
The gnoll hits you but does no damage. The rat bites you but does no damage.
There is a stone staircase leading up here.
The gnoll hits you but does no damage. The gnoll closely misses you.
The rat barely misses you.
You climb upwards.
There is a stone staircase leading down here.
Unknown command.
Unknown command.
Unknown command.
Unknown command.
Unknown command.
You hit the gnoll.
The gnoll is moderately wounded.
You barely miss the rat. The gnoll misses you. The rat bites you.
You take 2 damage, and have 12/19 hp.
You hit the gnoll.
The gnoll is heavily wounded.
You hit the rat.
You kill the rat!
Lugonu accepts your kill. The gnoll hits you with a spear.
* * * LOW HITPOINT WARNING * * *
You take 4 damage, and have 8/19 hp.
MASSIVE DAMAGE!!
You hit the gnoll.
The gnoll is almost dead.
The gnoll hits you with a spear.
* * * LOW HITPOINT WARNING * * *
You take 3 damage, and have 5/19 hp.
You hit the gnoll.
The gnoll is almost dead.
The gnoll hits you with a spear.
* * * LOW HITPOINT WARNING * * *
You take 1 damage, and have 4/19 hp.
You hit the gnoll.
You kill the gnoll!
Lugonu accepts your kill.
Your Axes skill increases to level 3!
You have reached level 3!
Your experience leads to an increase in your attributes!
Increase (S)trength, (I)ntelligence, or (D)exterity?
You feel stronger.
MP restored: 4 You see here a spear.
There is a stone staircase leading down here.
There isn't anything here!
You start resting.
You are feeling hungry.
You regained 10 hp, and now have 15/23 hp.
Unknown command.
You see here a rat corpse.
You butcher the rat corpse.
m - a chunk of flesh You see here a rat skeleton.
There is a stone staircase leading down here.
You start resting.
Eating a chunk of flesh.
You eat the chunk of flesh.
This raw flesh tastes terrible.
HP restored.
Health restored: 23 You climb downwards.
The gnoll hits you with a spear. The gnoll hits you with a spear!
There is a stone staircase leading up here.
You take 9 damage, and have 14/23 hp.
MASSIVE DAMAGE!!
You are too injured to fight recklessly!
You are too injured to fight recklessly!
You are too injured to fight recklessly!
You closely miss the gnoll. You completely miss the gnoll.
The gnoll hits you with a spear!
* * * LOW HITPOINT WARNING * * *
The gnoll hits you with a spear.
* * * LOW HITPOINT WARNING * * *
The gnoll hits you with a spear.
You die...

..........g.#
###...##.#.#.# #
#............##.#
...........÷..#.##.#
#>#.###.#...........
#.#.# ##......#.##.#
#.#.#####.##.##.#
#.#.#.....##.# #
#.....######@##
###.#.# #gg#
..#####.#.# #......#
......<.#.####.##.###
..#####........# .#
...............# .#
..###..##.####.##.####
#..##.## #.#..... .
#..#...###.#..#


You could see 2 gnolls.

Vanquished Creatures
  A gnoll (D:1)
  A dart slug (D:1)
  2 giant cockroaches (D:1)
  A hobgoblin (D:1)
  4 kobolds
  2 bats
  A frilled lizard (D:1)
  A goblin (D:1)
  4 rats
17 creatures vanquished.

Notes
Turn   | Place    | Note
-------+----------+-------------------------------------------
     0 | Abyss:1  | Monsterracer the Gargoyle Abyssal Knight began the quest for the Orb.
     0 | Abyss:1  | Reached XP level 1. HP: 14/14 MP: 2/2
     2 | D:1      | Escaped the Abyss
   392 | D:1      | Reached XP level 2. HP: 19/19 MP: 3/3
   921 | D:1      | HP: 8/19 [gnoll/spear (4)]
   924 | D:1      | Reached XP level 3. HP: 5/23 MP: 4/4
  1178 | D:2      | HP: 7/23 [gnoll/spear (7)]
  1178 | D:2      | HP: 2/23 [gnoll/spear (5)]
  1178 | D:2      | Slain by a gnoll

Skill      XL: |  1  2 |
---------------+-------+-----
Axes           | 2 3 |  3.1
Fighting       | |  3.2
Armour         | |  2.1
Dodging        | |  0.7
Invocations    | |  2.0

Action                   || total
-------------------------++-------
Melee: Hand axe          ||    54
  Eat: Chunk             ||     1
Armor: Leather armour    ||    27
Dodge: Dodged            ||    28

Vault maps used:
D:1:      dpeg_arrival_short_road
D:2:      uniq_terence, uniq_jessica
